Description

From coaching casually explained.

VOD

https://www.youtube.com/watch?v=FzoEcCD5ibE#t=22m21s

Replay - 2020-04-27 - (P)Harstem VS (Z)Namshar

Build Order

Get SALT Encoding   

  12  0:00  Probe  
  13  0:12  Probe  
  14  0:18  Pylon  
  14  0:24  Probe (Chrono Boost)  
  15  0:37  Probe (Chrono Boost)  
  15  0:38  Gateway  
  16  0:45  Probe (Chrono Boost)  
  16  0:48  Assimilator  
  17  0:51  Probe  
  18  1:03  Probe  
  19  1:15  Probe  
  20  1:23  Nexus  
  20  1:33  Cybernetics Core  
  20  1:36  Probe  
  21  1:41  Assimilator  
  21  1:48  Probe  
  21  1:51  Pylon  
  23  2:07  Adept (Chrono Boost)  
  26  2:16  Stargate  
  26  2:27  Adept (Chrono Boost)  
  26  2:28  Warp Gate  
  32  2:49  Adept  
  36  2:59  Oracle (Chrono Boost)  
  41  3:08  Pylon  
  43  3:22  Gateway  
  44  3:28  Oracle (Chrono Boost)  
  44  3:33  Adept  
  50  3:35  Pylon  
  53  4:00  Nexus  
  55  4:13  Pylon  
  55  4:15  Assimilator x2  
  55  4:16  Adept x2  
  58  4:23  Robotics Facility  
  63  4:39  Sentry x2  
  67  5:11  Immortal (Chrono Boost)  
  69  5:17  Sentry, Forge, Zealot  
  69  5:18  Twilight Council  
  74  5:30  Gateway x2  
  74  5:35  Shield Battery  
  76  5:39  Zealot  
  76  5:40  Adept  
  76  6:00  Sentry x2  
  76  6:03  Protoss Ground Weapons Level 1 (Chrono Boost)  
  78  6:04  Assimilator x2  
  78  6:06  Charge  
  78  6:10  Gateway  
  82  6:21  Templar Archives  
  82  6:23  Gateway x2  
  83  6:30  Warp Prism (Chrono Boost)  
  86  6:41  Gateway x2  
  86  6:42  Photon Cannon  
  86  6:47  Sentry, Zealot x2  
  92  6:59  Colossus (Chrono Boost)  
Spawning Tool Build Advisor. Get it on Overwolf

Analysis

From coaching casually explained.

Go to:

Details

  • Created by: gelu
  • Published on: Sep 19, 2020
  • Modified on: Sep 19, 2020
  • Patch: 4.11.0
  • Difficulty: Medium
Show
View Real Time Build Order
Export as new Build Order

Comments (0)

There are no comments. Be the first!

Create an account to comment!